 Dungeon Sprint DCSS version 0.31-a0-152-g6aa68a64a1 (webtiles) character file.

Game seed: 16772361299730076111

14725 Conn the Eclecticist (level 12, -8/69 HPs)
             Began as an Octopode Fire Elementalist on June 11, 2023.
             Was a High Priest of Sif Muna.
             Killed from afar by a crystal guardian (25 damage)
             ... with a crystal bolt
             ... in the Dungeon (Sprint II: "The Violet Keep of Menkaure").
             The game lasted 01:03:37 (3199 turns).

Conn the Eclecticist (Octopode Fire Elementalist)   Turns: 3199, Time: 01:03:50

Health: -8/69      AC:  7    Str:  7    XL:     12   Next: 19%
Magic:  2/41       EV: 15    Int: 23    God:    Sif Muna [*****.]
Gold:   284        SH:  6    Dex: 16    Spells: 2/43 levels left

rFire   + . .        E - staff of conjuration "Plog" {rC+ SInv}
rCold   + + .        e - +0 buckler "Xiafeaqupa" {Fly rN+ Dex+4}
rNeg    + . .        t - +2 hat {SInv}
rPois   +            (no amulet)
rElec   .            s - ring of wizardry
rCorr   .            (no ring)
SInv    +            C - ring of willpower
Will    +....        G - ring of poison resistance
Stlth   ++++         H - ring of protection from cold
HPRegen 0.31/turn    I - ring of magical power
MPRegen 0.27/turn    J - +4 ring of protection
                     v - ring of protection from fire

%: no teleportation, wizardry (x1)
@: flying, very slightly contaminated
A: almost no armour, amphibious, 8 rings, camouflage 1, gelatinous body 1,
(nimble swimmer 1), tentacles, sense surroundings 1
a: Renounce Religion, Channel Magic, Forget Spell, Divine Exegesis


You were in the Dungeon.
You worshipped Sif Muna.
Sif Muna was extremely pleased with you.
You visited 1 branch You collected 3165 gold pieces.
You spent 2881 gold pieces at shops.

Inventory:

Hand Weapons
 g - a +3 longbow of flaming
 w - the +0 trident "Qeheb" {elec, Str+3 Int+6 Dex-2}
   (You found it in the Dungeon)

   Str:       It affects your strength (+3).
   Int:       It affects your intelligence (+6).
   Dex:       It affects your dexterity (-2).
Armour
 e - the +0 buckler "Xiafeaqupa" (worn) {Fly rN+ Dex+4}
   (You bought it in a shop in the Dungeon)

   Dex:       It affects your dexterity (+4).
   rN:        It protects you from negative energy.
   Fly:       It grants you flight.
 t - a +2 hat of see invisible (worn)
Magical Staves
 B - a staff of conjuration
 E - the staff of conjuration "Plog" (weapon) {rC+ SInv}
   (You found it in the Dungeon)

   [staff of conjuration]

   Base accuracy: +5 Base damage: 5 Base attack delay: 1.2 This weapon's minimum
   attack delay (0.6) is reached at skill level 12.
   rC:        It protects you from cold.
   SInv:      It lets you see invisible.
   It falls into the 'Staves' category.
   It is a one-tentacled weapon.
 F - the staff of earth "Reblulu" {rC- rCorr Str+2 Dex+3 Stlth+}
   (You found it in the Dungeon)

   [staff of earth]

   Base accuracy: +5 Base damage: 5 Base attack delay: 1.2 This weapon's minimum
   attack delay (0.6) is reached at skill level 12.
   Str:       It affects your strength (+2).
   Dex:       It affects your dexterity (+3).
   rC:        It makes you vulnerable to cold.
   rCorr:     It protects you from acid and corrosion.
   Stlth:     It makes you more stealthy.
   It falls into the 'Staves' category.
   It is a one-tentacled weapon.
Jewellery
 s - a ring of wizardry (left tentacle)
 v - a ring of protection from fire (on tentacle)
 y - a ring of fire
 C - a ring of willpower (on tentacle)
 G - a ring of poison resistance (on tentacle)
 H - a ring of protection from cold (on tentacle)
 I - a ring of magical power (on tentacle)
 J - a +4 ring of protection (on tentacle)
Wands
 u - a wand of flame (4)
 z - a wand of charming (4)
 D - a wand of iceblast (4)
Scrolls
 f - 2 scrolls of blinking
 h - 2 scrolls of poison
 n - 2 scrolls of fog
 o - a scroll of vulnerability
 p - a scroll of amnesia
 q - 2 scrolls of enchant armour
 r - a scroll of torment
Potions
 a - 14 potions of magic
 b - 4 potions of curing
 c - 5 potions of heal wounds
 d - 6 potions of lignification
 i - 5 potions of enlightenment
 j - a potion of resistance
 k - a potion of berserk rage
 l - a potion of attraction
 m - a potion of invisibility
 A - 4 potions of haste


   Skills:
 + Level 1.6 Fighting
 + Level 5.1 Dodging
 - Level 6.0 Stealth
 + Level 8.1 Shields
 + Level 16.4 Spellcasting
 + Level 10.7 Conjurations
 + Level 5.5 Hexes
 * Level 11.8 Summonings
 * Level 13.5 Fire Magic
 + Level 1.1 Air Magic
 * Level 9.7 Invocations
 + Level 0.2 Evocations


You had 2 spell levels left.
You knew the following spells:

 Your Spells              Type           Power      Damage    Failure   Level
a - Foxfire               Conj/Fire      100%       2x1d9     1%          1
b - Scorch                Fire           100%       2d9       1%          2
c - Inner Flame           Hex/Fire       58%        N/A       1%          3
d - Flame Wave            Conj/Fire      84%        2d18      1%          4
e - Summon Small Mammal   Summ           100%       N/A       1%          1
f - Mephitic Cloud        Conj/Pois/Air  54%        N/A       1%          3
g - Summon Guardian Gole  Hex/Summ       56%        N/A       1%          3
h - Summon Cactus Giant   Summ           32%        N/A       1%          6
i - Summon Lightning Spi  Summ/Air       48%        N/A       1%          4
j - Spellforged Servitor  Conj/Summ      41%        N/A       14%         7
k - Summon Hydra          Summ           32%        N/A       12%         7

Your spell library contained the following spells:

 Spells                   Type           Power      Damage    Failure   Level
 Magic Dart               Conj           100%       1d8       1%          1
 Call Imp                 Summ           100%       N/A       1%          2
 Momentum Strike          Conj/Tloc      100%       3d10      1%          2
 Call Canine Familiar     Summ           65%        N/A       1%          3
 Ignite Poison            Fire/Tmut/Pois 39%        N/A       1%          3
 Volatile Blastmotes      Fire/Tloc      100%       2d18      1%          3
 Sticky Flame             Conj/Fire      84%        2d10      1%          4
 Summon Mana Viper        Hex/Summ       56%        N/A       1%          5
 Irradiate                Conj/Tmut      30%        3d21      5%          5
 Freezing Cloud           Conj/Ice/Air   27%        6-21      9%          5
 Monstrous Menagerie      Summ           32%        N/A       12%         7
 Plasma Beam              Fire/Air       25%        2x1d38    13%         6
 Animate Dead             Necr           18%        N/A       16%         4
 Dispel Undead            Necr           18%        3d11      16%         4
 Ignition                 Fire           34%        3d11      38%         8
 Alistair's Intoxication  Tmut/Pois      12%        N/A       41%         5
 Blade Hands              Tmut           9%         N/A       41%         5
 Borgnjor's Vile Clutch   Necr/Erth      9%         N/A       41%         5
 Eringya's Noxious Bog    Tmut/Pois      9%         N/A       92%         6
 Storm Form               Tmut/Air       10%        N/A       100%        7


Dungeon Overview and Level Annotations

Branches:
Dungeon (1/1)

Altars:
Cheibriados
Dithmenos
Elyvilon
Fedhas
Gozag
Hepliaklqana
Kikubaaqudgha
Makhleb
Nemelex Xobeh
Okawaru
Qazlal
Ru
Sif Muna
Trog
Uskayaw
Vehumet
Wu Jian
Xom
Yredelemnul
Zin
The Shining One
Jiyva
Lugonu

Shops:
D =*:*?!?:[:[!([![=(:

Annotations:
D exclusions: ice statue, obsidian statue and oklob plant


Innate Abilities, Weirdness & Mutations

You cannot wear most types of armour.
You are amphibious.
You can wear up to eight rings at the same time.
Your skin changes colour to match your surroundings (Stealth+).
Your rubbery body absorbs attacks. (AC +1, EV +1)
((You are camouflaged when in or above water. (Stealth+)))
You have tentacles for arms and can constrict up to eight enemies at once.
You passively map a small area around you.


Message History

Your guardian golem resists.
The crystal bolt misses you. The crystal bolt freezes you! You resist.
Casting: Summon Guardian Golem (safe; 1% risk of failure)
Confirm with . or Enter, or press ? or * to list all spells.
Okay, then.
Casting: Summon Guardian Golem (safe; 1% risk of failure)
Confirm with . or Enter, or press ? or * to list all spells.
Your guardian golem overheats!
The crystal guardian hits your guardian golem!!
Flame seeps out of your guardian golem.
Unknown command.
Unknown command.
Unknown command.
Your guardian golem is engulfed in blazing flames.
Your guardian golem disappears in a puff of smoke!
Your guardian golem explodes!
The fiery explosion engulfs the crystal guardian.
The crystal guardian completely resists.
The crystal guardian fires a crystalline bolt at you.
You hear a sizzling sound!
Unknown command.
Unknown command.
Your cactus giant is engulfed in a cloud of scalding steam.
Your cactus giant hits the crystal guardian but does no damage.
Casting: Summon Cactus Giant (dangerous; 1% risk of failure)
Confirm with . or Enter, or press ? or * to list all spells.
Okay, then.
Casting: Summon Cactus Giant (dangerous; 1% risk of failure)
Confirm with . or Enter, or press ? or * to list all spells.
A guardian golem appears, shielding your allies.
The crystal guardian fires a crystalline bolt at you.
The crystal bolt misses you.
Your cactus giant is engulfed in blazing flames.
The crystal guardian fires a crystalline bolt at you.
The crystal bolt burns your guardian golem!!
Your guardian golem resists.
The crystal bolt burns you!! You resist.
* * * LOW HITPOINT WARNING * * *
The crystal bolt burns you!! You resist.
You die...

* ##.........## ▓▓+▓▓▓▓ *
+...°.8.°...# ,+.°.▓0. ,
###......... #...▓▓▓ #~##,...○.
*,~,,, #..°▓≈≈ #####~~#+++#+++##
,..* ##○}▓▓▓ ####~~~.........# ,
.. .#}|▓(. ...#~~~~.##'##..# **
#. ,.#)[▓[. ..∩#~~~~##.#.##.####
+.##.#:}▓.[ .∩.#~~~~#..#..#.@..#
,*..9####▓[.
∩.∩#~~#####.#####..#####.^##.#▓.)
.∩.#~##.###+###.##9.#.$'..#..#▓..
∩..#~#)..##.##...#9.#.†#..#).#▓..
...'~'.#.'.<.+##.+..####..##.#▓)[
...#~#...##.##.###C...###÷^.##▓▓▓
▓###~##.###'###.##.§§...~~~~~~~~~
####~~####.#.####~~§.☼..~#'######
^##~~~#..#..#~~~~§~~..~#.._....


You could see a crystal guardian (ally target) and a friendly guardian golem
(summoned).

Vanquished Creatures
  Gastronok (D)
  A kraken (D)
  A sphinx (D)
  A dire elephant (D)
  Nessos (D)
  A boulder beetle (D)
  2 deep trolls (D)
  3 orc sorcerers (D)
  A nameless horror (D)
  A merfolk siren (D)
  A yaktaur (D)
  A polar bear (D)
  A hornet (D)
  3 yaks (D)
  A vampire mosquito (D)
  Menkaure (D)
  4 water moccasins (D)
  2 swamp drakes (D)
  4 scorpions (D)
  9 electric eels (D)
  A jelly (D)
  3 worms (D)
  A tentacle (D)
45 creatures vanquished.

Vanquished Creatures (collateral kills)
  A sphinx (D)
  A boulder beetle (D)
  3 sixfirhies (D)
  2 death drakes (D)
  2 polar bears (D)
9 creatures vanquished.

Vanquished Creatures (others)
  A water moccasin (D)
  80 foxfires (D)
  57 tentacles (D)
138 creatures vanquished.

Grand Total: 192 creatures vanquished

Notes
Turn   | Place    | Note
-------+----------+-------------------------------------------
     0 | D        | Conn the Octopode Fire Elementalist began the quest for the
                  | Orb.
     0 | D        | Reached XP level 1. HP: 11/11 MP: 3/3
     1 | D        | Noticed a merfolk siren
     4 | D        | Noticed a scorpion
     4 | D        | Noticed a scorpion
    10 | D        | Noticed a boulder beetle
    10 | D        | Noticed a boulder beetle
    15 | D        | Noticed a scorpion
    18 | D        | Killed a scorpion
    19 | D        | Reached skill level 4 in Spellcasting
    19 | D        | Reached skill level 5 in Fire Magic
    19 | D        | Reached XP level 2. HP: 17/17 MP: 4/7
    19 | D        | Reached XP level 3. HP: 21/21 MP: 4/8
    19 | D        | Noticed a scorpion
    23 | D        | Killed a scorpion
    24 | D        | Reached XP level 4. HP: 22/27 MP: 4/10
    24 | D        | Reached XP level 5. HP: 25/31 MP: 4/12
    26 | D        | Reached skill level 5 in Spellcasting
    31 | D        | Reached skill level 5 in Stealth
    31 | D        | Reached skill level 6 in Spellcasting
    31 | D        | Reached XP level 6. HP: 24/37 MP: 4/15
    45 | D        | Learned a level 2 spell: Scorch
    49 | D        | Learned a level 3 spell: Inner Flame
    54 | D        | Learned a level 4 spell: Flame Wave
    85 | D        | Noticed an obsidian statue
    87 | D        | Noticed a water moccasin
    92 | D        | Killed a water moccasin
    93 | D        | Reached skill level 1 in Fighting
    93 | D        | Reached skill level 7 in Spellcasting
    93 | D        | Reached skill level 5 in Conjurations
    94 | D        | Found Nooxzyw's Armour Boutique.
    94 | D        | Found Angam's Jewellery Shop.
    95 | D        | Found Fudicivy's Antique Armour Boutique.
    95 | D        | Found Satz's Distillery.
    96 | D        | Found Jumaid's Distillery.
    96 | D        | Found Ici Ack's Antique Weapon Shop.
    98 | D        | Found Tuoneq's Book Shop.
    98 | D        | Found Rani Qiu's Antique Armour Boutique.
    99 | D        | Found Kaikil's Book Shop.
    99 | D        | Found Zulo's Magic Scroll Boutique.
    99 | D        | Noticed a slime creature
   103 | D        | Found Edikhirid's Distillery.
   103 | D        | Found Jeczomen's Magic Scroll Shop.
   103 | D        | Noticed a slime creature
   103 | D        | Noticed a slime creature
   103 | D        | Noticed an oklob plant
   104 | D        | Found Petz's Assorted Antiques.
   104 | D        | Found Ryfacuxt's Jewellery Boutique.
   104 | D        | Found Wukkiffy's Book Shoppe.
   115 | D        | Noticed a manticore
   117 | D        | Bought a book of Callings for 240 gold pieces
   118 | D        | Bought 2 potions of lignification for 78 gold pieces
   136 | D        | Learned a level 1 spell: Summon Small Mammal
   140 | D        | Learned a level 3 spell: Call Canine Familiar
   144 | D        | Learned a level 3 spell: Summon Guardian Golem
   163 | D        | Killed a merfolk siren
   164 | D        | Reached skill level 5 in Dodging
   164 | D        | Reached skill level 8 in Spellcasting
   164 | D        | Reached skill level 10 in Fire Magic
   164 | D        | Reached XP level 7. HP: 43/43 MP: 1/18
   192 | D        | Bought a jewelled buckler for 180 gold pieces
   192 | D        | Identified the +0 buckler "Xiafeaqupa" {Fly rN+ Dex+4} (You
                  | bought it in a shop in the Dungeon)
   201 | D        | Bought 2 potions of lignification for 66 gold pieces
   201 | D        | Bought a potion of heal wounds for 55 gold pieces
   208 | D        | Bought a scroll of fear for 40 gold pieces
   208 | D        | Bought a scroll of poison for 40 gold pieces
   222 | D        | Noticed a vampire mosquito
   227 | D        | Killed a vampire mosquito
   228 | D        | Reached skill level 1 in Shields
   246 | D        | Noticed Menkaure
   250 | D        | Killed Menkaure
   251 | D        | Reached XP level 8. HP: 42/48 MP: 4/20
   254 | D        | Reached skill level 9 in Spellcasting
   257 | D        | Found a stormy altar of Qazlal.
   257 | D        | Found an ornate altar of the Wu Jian Council.
   258 | D        | Found a hazy altar of Hepliaklqana.
   258 | D        | Found a shimmering altar of Xom.
   258 | D        | Found a sacrificial altar of Ru.
   259 | D        | Found a viscous altar of Jiyva.
   259 | D        | Found a shimmering blue altar of Sif Muna.
   260 | D        | Found a snail-covered altar of Cheibriados.
   260 | D        | Found an ancient bone altar of Kikubaaqudgha.
   260 | D        | Found a bloodstained altar of Trog.
   261 | D        | Found a shadowy altar of Dithmenos.
   261 | D        | Found a corrupted altar of Lugonu.
   262 | D        | Found a white marble altar of Elyvilon.
   262 | D        | Found a burning altar of Makhleb.
   263 | D        | Found a blossoming altar of Fedhas.
   264 | D        | Found an opulent altar of Gozag.
   264 | D        | Found a glowing golden altar of the Shining One.
   264 | D        | Found a basalt altar of Yredelemnul.
   264 | D        | Found a hide-covered altar of Uskayaw.
   264 | D        | Found a sparkling altar of Nemelex Xobeh.
   265 | D        | Found a glowing silver altar of Zin.
   265 | D        | Found a radiant altar of Vehumet.
   265 | D        | Found an iron altar of Okawaru.
   270 | D        | Became a worshipper of Sif Muna the Loreminder
   284 | D        | Noticed a kraken
   687 | D        | Killed a kraken
   688 | D        | Reached skill level 11 in Spellcasting
   688 | D        | Reached XP level 9. HP: 19/53 MP: 1/24
   820 | D        | Learned a level 6 spell: Summon Cactus Giant
   837 | D        | Reached * piety under Sif Muna
   838 | D        | Reached skill level 5 in Summonings
   888 | D        | Noticed a deep troll
   888 | D        | Noticed a deep troll
   902 | D        | Killed a deep troll
   903 | D        | Reached skill level 5 in Shields
   903 | D        | Reached skill level 12 in Spellcasting
   903 | D        | Reached skill level 5 in Invocations
   904 | D        | Killed a deep troll
   904 | D        | Reached ** piety under Sif Muna
   905 | D        | Reached XP level 10. HP: 39/59 MP: 1/26
  1297 | D        | Noticed a sixfirhy
  1394 | D        | Reached *** piety under Sif Muna
  1486 | D        | Reached **** piety under Sif Muna
  1490 | D        | Noticed a sixfirhy
  1494 | D        | Noticed a sixfirhy
  1566 | D        | Found Gugyse's Book Shoppe.
  1567 | D        | Found Baraosaa's Weapon Boutique.
  1606 | D        | Identified the +5 scimitar of Light {flame, Int+4}
  1633 | D        | Found Ivig's Armour Boutique.
  1635 | D        | Found Todaur's General Store.
  1636 | D        | Noticed Nessos
  1680 | D        | Killed Nessos
  1681 | D        | Reached skill level 13 in Spellcasting
  1801 | D        | Bought a scroll of blinking for 82 gold pieces
  1847 | D        | Killed a sixfirhy
  1850 | D        | Killed a sixfirhy
  1852 | D        | Killed a sixfirhy
  1852 | D        | Reached ***** piety under Sif Muna
  1853 | D        | Reached skill level 14 in Spellcasting
  1861 | D        | Noticed Gastronok
  1893 | D        | Killed Gastronok
  1894 | D        | Reached XP level 11. HP: 63/63 MP: 6/29
  2003 | D        | Noticed a dire elephant
  2003 | D        | Noticed an orc sorcerer
  2003 | D        | Noticed an orc sorcerer
  2003 | D        | Noticed an orc sorcerer
  2008 | D        | Killed an orc sorcerer
  2008 | D        | Killed an orc sorcerer
  2008 | D        | Received a gift from Sif Muna
  2008 | D        | Killed a dire elephant
  2008 | D        | Killed an orc sorcerer
  2009 | D        | Reached skill level 15 in Spellcasting
  2009 | D        | Reached skill level 10 in Conjurations
  2013 | D        | Got Latol's Compendium of Shifting Creation {god gift}
  2093 | D        | Learned a level 4 spell: Summon Lightning Spire
  2101 | D        | Learned a level 7 spell: Spellforged Servitor
  2128 | D        | Identified the +5 quarterstaff "Feg Puuq" {flame, rElec rC-
                  | Int+2}
  2134 | D        | Identified the +0 trident "Qeheb" {elec, Str+3 Int+6 Dex-2}
  2146 | D        | Identified the +2 leather armour of Qazlal's Reproof {Harm}
  2164 | D        | Identified the +6 dagger of World Downfall {spect, Int+2
                  | Dex+3 Stlth+}
  2165 | D        | Identified the +9 battleaxe "Bujuqijy" {venom, rF- Int+5
                  | Dex+5}
  2167 | D        | Identified the staff of air "Ponuw" {rElec rC- Str+7 Int+2}
  2170 | D        | Identified the staff of conjuration "Plog" {rC+ SInv}
  2173 | D        | Identified the staff of earth "Reblulu" {rC- rCorr Str+2
                  | Dex+3 Stlth+}
  2176 | D        | Got the Volume of Dark Rites
  2290 | D        | Noticed a sphinx
  2291 | D        | Noticed a sphinx
  2297 | D        | Killed a sphinx
  2304 | D        | Killed a sphinx
  2305 | D        | Reached skill level 10 in Summonings
  2409 | D        | Learned a level 7 spell: Summon Hydra
  2421 | D        | Reached skill level 5 in Hexes
  2421 | D        | Reached skill level 1 in Air Magic
  2423 | D        | Received a gift from Sif Muna
  2445 | D        | Got Sif Muna's Compilation of Combustion {god gift}
  2516 | D        | Killed a boulder beetle
  2533 | D        | Killed a boulder beetle
  2534 | D        | Reached skill level 16 in Spellcasting
  2534 | D        | Reached XP level 12. HP: 29/69 MP: 8/32
  2699 | D        | Bought a ring of poison resistance for 240 gold pieces
  2711 | D        | Bought a ring of protection from cold for 300 gold pieces
  2721 | D        | Bought a potion of heal wounds for 65 gold pieces
  2727 | D        | Bought a ring of magical power for 240 gold pieces
  2737 | D        | Bought a +4 ring of protection for 432 gold pieces
  2739 | D        | Bought a scroll labelled PYJOCESUSTRETZ for 24 gold pieces
  2739 | D        | Identified a scroll of acquirement
  2739 | D        | Acquired 890 gold pieces
  2747 | D        | Bought a potion of curing for 33 gold pieces
  2747 | D        | Bought a potion of haste for 110 gold pieces
  2754 | D        | Bought a book of Minor Magic for 252 gold pieces
  2756 | D        | Gained mutation: You occasionally lose the ability to read
                  | scrolls when taking damage. [potion of mutation]
  2756 | D        | Gained mutation: Your body sometimes deteriorates upon
                  | taking damage. [potion of mutation]
  2756 | D        | Gained mutation: You have a pair of small antennae on your
                  | head. [potion of mutation]
  2757 | D        | Lost mutation: You have a pair of small antennae on your
                  | head. [potion of mutation]
  2757 | D        | Lost mutation: You occasionally lose the ability to read
                  | scrolls when taking damage. [potion of mutation]
  2757 | D        | Lost mutation: Your body sometimes deteriorates upon taking
                  | damage. [potion of mutation]
  2757 | D        | Gained mutation: Your magical capacity is low. (-10% MP)
                  | [potion of mutation]
  2757 | D        | Gained mutation: You are dopey. (Int -2) [potion of
                  | mutation]
  2757 | D        | Gained mutation: One of your tentacles bears a spike.
                  | [potion of mutation]
  2758 | D        | Lost mutation: One of your tentacles bears a spike. [potion
                  | of mutation]
  2758 | D        | Lost mutation: You are dopey. (Int -2) [potion of mutation]
  2758 | D        | Lost mutation: Your magical capacity is low. (-10% MP)
                  | [potion of mutation]
  2758 | D        | Gained mutation: You passively map a small area around you.
                  | [potion of mutation]
  2763 | D        | Bought a potion of invisibility for 104 gold pieces
  2766 | D        | Bought a ring of protection from fire for 300 gold pieces
  2966 | D        | Received a gift from Sif Muna
  2966 | D        | Noticed a crystal guardian
  2967 | D        | Got Sif Muna's Precepts of the Hazy Shapeshifter {god gift}
  3140 | D        | Learned a level 3 spell: Mephitic Cloud
  3199 | D        | Killed from afar by a crystal guardian

Illustrated notes

Levels and vault maps discovered:
D:        the_violet_keep_of_menkaure [sprint2_stairs_cluster_1,
          sprint2_shoproom, sprint2_temple, sprint2_basic_supplies,
          sprint2_obstacle_5, sprint2_obstacle_7, sprint2_obstacle_3,
          sprint2_obstacle_6, sprint2_obstacle_2, sprint2_timed_cluster_1,
          sprint2_smallroom_cluster_1, sprint2_smallroom_final_cluster_1,
          sprint2_transparent_cluster_1, sprint2_second_timed_cluster_1,
          sprint2_sniper_area_1, sprint2_heavy_combat_area_1,
          sprint2_mutation_trap_area_1, sprint2_forest_area_1,
          sprint2_light_combat_area_1, sprint2_behind_water_1,
          sprint2_near_end_vault_1]

Skill      XL: |  1  2  3  4  5  6  7  8  9 10 11 |
---------------+----------------------------------+-----
Dodging        | 3 4 5 |  5.1
Stealth        | 3 4 5 6 |  6.0
Spellcasting   | 4 6 8 11 12 14 16 | 16.4
Conjurations   | 2 3 4 6 7 8 9 10 | 10.7
Fire Magic     | 5 6 8 10 11 12 13 | 13.5
Fighting       | 1 |  1.6
Summonings     | 2 3 4 5 8 11 | 11.8
Shields        | 1 4 5 6 8 |  8.1
Hexes          | 2 4 5 |  5.5
Invocations    | 3 5 7 9 |  9.7
Air Magic      | 1 |  1.1
Evocations     | |  0.2

Action                     |  1- 3 |  4- 6 |  7- 9 | 10-12 || total
---------------------------+-------+-------+-------+-------++-------
  Melee: Unarmed           |     7 |    11 |       |       ||    18
         Tentacles         |     3 |     3 |       |       ||     6
         Constrict         |     2 |     3 |       |       ||     5
   Cast: Foxfire           |       |     5 |    25 |    35 ||    65
         Scorch            |       |     2 |    23 |    29 ||    54
         Inner Flame       |       |     2 |     9 |    19 ||    30
         Summon Small Mamm |       |     2 |     5 |     1 ||     8
         Flame Wave        |       |     1 |     1 |     4 ||     6
         Summon Guardian G |       |       |     3 |    17 ||    20
         Call Canine Famil |       |       |       |     8 ||     8
         Summon Cactus Gia |       |       |       |    14 ||    14
         Summon Lightning  |       |       |       |     3 ||     3
         Spellforged Servi |       |       |       |     1 ||     1
         Summon Hydra      |       |       |       |     2 ||     2
 Invoke: Channel Magic     |       |       |       |     1 ||     1
  Evoke: Wand              |       |       |       |     1 ||     1
    Use: Potion            |     2 |       |       |     9 ||    11
         Scroll            |       |       |       |    14 ||    14
 Armour: Skin              |       |     1 |       |     1 ||     2
  Dodge: Dodged            |     2 |     5 |     1 |     9 ||    17
  Block: Buckler           |       |       |       |     4 ||     4

Table legend: (Time is in decaauts)
 A = Elapsed time spent in this place.
 B = Non-inter-level travel time spent in this place.
 C = Inter-level travel time spent in this place.
 D = Time resting spent in this place.
 E = Time spent auto-exploring this place.
 F = Levels seen in this place.
 G = Mean time per level.
                   A        B        C        D        E       F      G
               +--------+--------+--------+--------+--------+-----+--------+
         Total |   3187 |   3181 |      6 |   1368 |      0 |   1 | 3187.0 |
       Dungeon |   3187 |   3181 |      6 |   1368 |      0 |   1 | 3187.0 |
               +--------+--------+--------+--------+--------+-----+--------+

Top non-repeatable levels by time:
       D: 3187 daAuts
